 Dungeon Crawl Stone Soup version 0.26.0-10-g1f06aea511 (webtiles) character file.

Game seed: 6992870808653079238

2030 Borgoz the Slasher (level 9, -2/75 HPs)
             Began as a Ghoul Gladiator on Jan 30, 2021.
             Was a Follower of Ashenzari.
             Slain by a gnoll
             ... wielding a +0 spear
              (3 damage)
             ... in a bailey.
             The game lasted 00:13:54 (8989 turns).

Borgoz the Slasher (Ghoul Gladiator)                Turns: 8989, Time: 00:13:55

Health: -2/75      AC:  9    Str: 18    XL:     9   Next: 23%
Magic:  8/8        EV: 14    Int:  3    God:    Ashenzari [*.....]
Gold:   704        SH:  4    Dex: 13    Spells: 8/8 levels left

rFire    . . .     SeeInvis +   a - +3 dagger (venom)
rCold    + + .     Faith    .   d - +0 buckler
rNeg     + + +     Spirit   .   j - +2 leather armour {rC+}
rPois    ∞         Reflect  .   f - +0 helmet {SInv} (curse)
rElec    .         Harm     .   p - +0 cloak
rCorr    .         Rampage  .   m - +0 pair of gloves
Will     .....                  (no boots)
Stlth    +.........             (no amulet)
HPRegen  0.00/turn              (no ring)
MPRegen  0.11/turn              (no ring)

@: no status effects
A: claws 1, cold resistance 1, negative energy resistance 3, inhibited
regeneration, torment resistance, unbreathing
a: Renounce Religion, Curse Item, Scrying


You were in a bailey.
You worshipped Ashenzari.
Ashenzari was aware of your devotion.
You visited 2 branches of the dungeon, and saw 8 of its levels.
You also visited: Bailey.

You collected 1245 gold pieces.
You spent 541 gold pieces at shops.

Inventory:

Hand Weapons
 a - a +3 dagger of venom (weapon)
 b - a +0 scimitar
 g - the +11 war axe "Umuoq" {flame, +Fly rPois rC++ Str-2}
   (You found it on level 6 of the Dungeon)

   It has been specially enchanted to burn those struck by it, causing extra
   injury to most foes and up to half again as much damage against particularly
   susceptible opponents.
   Big, fiery blades are also staple armaments of hydra-hunters.
   It affects your strength (-2).
   It greatly protects you from cold.
   It protects you from poison.
   It lets you fly.
 k - a +2 dagger of speed
 r - the +3 whip of the Eternal Warrior {antimagic, *Noise rPois MP+9 Dex-4}
   (You found it on level 4 of the Dungeon)

   It reduces the magical energy of the wielder, and disrupts the spells and
   magical abilities of those hit.
   Natural abilities and divine invocations are not affected.
   It affects your dexterity (-4).
   It protects you from poison.
   It affects your magic capacity (+9).
   It may make noises in combat.
 v - a cursed +1 great sword
Armour
 d - a +0 buckler (worn)
 f - a cursed +0 helmet of see invisible (worn)
 j - a +2 leather armour of cold resistance (worn)
 m - a +0 pair of gloves (worn)
 o - the +5 ring mail of Cheibriados's Envy {*Drain +Fly Will+++ Str-5}
   (You bought it in a shop on level 6 of the Dungeon)

   It affects your strength (-5).
   It affects your willpower, your defense against some magical effects.
   It lets you fly.
   It causes draining when unequipped.
 p - a +0 cloak (worn)
Jewellery
 u - an uncursed ring of fire
Scrolls
 c - a scroll of teleportation
 e - 2 scrolls of remove curse
 i - 2 scrolls of fear
Potions
 h - a potion of brilliance
 n - 2 potions of flight


   Skills:
 + Level 5.7 Fighting
 * Level 7.1 Long Blades
 - Level 1.7 Throwing
 + Level 4.2 Armour
 + Level 5.2 Dodging
 + Level 3.1 Shields


You had 8 spell levels left.
You didn't know any spells.
Your spell library contained the following spells:

 Spells                   Type           Power        Failure   Level
 Corona                   Hex            0%           63%         1
 Freeze                   Ice            0%           63%         1
 Ensorcelled Hibernation  Hex/Ice        0%           77%         2
 Confusing Touch          Hex            0%           94%         3
 Dazzling Flash           Conj/Hex       0%           94%         3
 Frozen Ramparts          Ice            0%           94%         3
 Ozocubu's Armour         Ice            0%           94%         3
 Tukima's Dance           Hex            0%           94%         3
 Hailstorm                Conj/Ice       0%           100%        4
 Summon Ice Beast         Ice/Summ       0%           100%        4


Dungeon Overview and Level Annotations

Branches:
Dungeon (7/15)             Temple (1/1) D:6          Bailey (1/1)

Altars:
Ashenzari
Cheibriados
Dithmenos
Elyvilon
Fedhas
Hepliaklqana
Kikubaaqudgha
Okawaru
Qazlal
Ru
Sif Muna
Trog
Uskayaw
Vehumet
Wu Jian
Yredelemnul
Zin
The Shining One

Shops:
D:4 (   D:6 }*[[


Innate Abilities, Weirdness & Mutations

You thrive by killing the living.
You are immune to poison.
You have sharp fingernails.
Your flesh is cold resistant. (rC+)
You are immune to negative energy. (rN+++)
You do not regenerate when monsters are visible.
You are immune to unholy pain and torment.
You can survive without breathing.


Message History

The gnoll is moderately wounded.
The gnoll sergeant struggles against the net.
The gnoll hits you with a +0 spear.
* * * LOW HITPOINT WARNING * * *
You block the gnoll shaman's attack.
Okay, then.
You hit the gnoll but do no damage.
The gnoll is heavily wounded.
The gnoll sergeant struggles against the net.
The gnoll shaman completely misses you.
The gnoll sergeant struggles against the net.
The net rips apart, and the gnoll sergeant comes free!
The gnoll barely misses you. The gnoll hits you with a +0 spear.
* * * LOW HITPOINT WARNING * * *
There is an open door, spattered with blood here.
You hit the gnoll but do no damage.
The gnoll is heavily wounded.
The gnoll shaman misses you. The gnoll sergeant barely misses you.
The gnoll hits you with a +0 spear.
You die...

..≈≈♣♣ #..≈.♣ #..≈.♣♣
#..≈..♣♣ #### #..≈...♣
##...## #..≈...♣
##.....######..≈...♣♣
#...$..g#.).'..)....♣♣♣#
+...8..g@g..'...)..∩..∩#
#...$..g#...).......♣♣♣#
##.....######..≈...♣♣
##...## #..≈..♣♣ ####
#..≈..♣ #..≈..♣ #..≈.♣♣
#..≈.♣ .≈≈♣♣


You could see a gnoll sergeant, a gnoll shaman and 2 gnolls.

Vanquished Creatures
  Sigmund (D:2)
  Duvessa (D:4)
  An ice beast (D:5)
  2 phantoms
  A centaur (D:6)
  Dowan (D:4)
  A gnoll sergeant (Bailey)
  5 wights (D:7)
  A bullfrog zombie (D:6)
  Crazy Yiuf (D:2)
  2 jellies (D:6)
  An orc priest (D:3)
  3 bullfrog skeletons
  5 hounds
  Jessica (D:3)
  5 worker ants
  5 iguanas
  4 orc wizards
  A worker ant zombie (D:5)
  Robin (D:4)
  3 gnolls (Bailey)
  A howler monkey skeleton (D:6)
  7 adders
  4 shadow imps
  2 white imps
  An ufetubus (D:5)
  An ooze (D:7)
  An adder skeleton (D:4)
  An adder zombie (D:5)
  6 worms
  A dart slug (D:1)
  6 leopard geckos
  19 orcs
  2 ball pythons
  7 giant cockroaches
  19 goblins
  9 hobgoblins
  9 jackals
  9 kobolds
  5 quokkas
  3 bats
  2 frilled lizards (D:1)
  A quokka skeleton (D:4)
  10 rats
172 creatures vanquished.

Vanquished Creatures (others)
  9 fungi (D:7)
  3 plants (D:7)
12 creatures vanquished.

Grand Total: 184 creatures vanquished

Notes
Turn   | Place    | Note
-------+----------+-------------------------------------------
     0 | D:1      | Borgoz the Ghoul Gladiator began the quest for the Orb.
     0 | D:1      | Reached XP level 1. HP: 17/17 MP: 0/0
   336 | D:1      | Reached XP level 2. HP: 20/25 MP: 1/1
   431 | D:1      | Reached skill level 3 in Long Blades
   861 | D:2      | Reached XP level 3. HP: 23/30 MP: 2/2
   862 | D:2      | Reached skill level 1 in Armour
   977 | D:2      | Found a runed translucent door.
   978 | D:2      | Noticed Crazy Yiuf
  1179 | D:2      | Reached XP level 4. HP: 28/37 MP: 3/3
  1569 | D:2      | Noticed Sigmund
  1589 | D:2      | Killed Sigmund
  1590 | D:2      | Reached skill level 4 in Long Blades
  1590 | D:2      | Reached XP level 5. HP: 23/45 MP: 4/4
  1590 | D:2      | Reached XP level 6. HP: 26/51 MP: 5/5
  2076 | D:2      | Found a faded altar of an unknown god.
  2182 | D:2      | Killed Crazy Yiuf
  2324 | D:3      | Noticed Jessica
  2337 | D:3      | Killed Jessica
  3012 | D:3      | Reached XP level 7. HP: 40/59 MP: 6/6
  3704 | D:4      | Noticed Robin
  3742 | D:3      | Reached skill level 5 in Long Blades
  3939 | D:4      | Killed Robin
  3981 | D:4      | Got an ichor-stained whip
  3982 | D:4      | Identified the cursed +3 whip of the Eternal Warrior
                  | {antimagic, *Noise rPois MP+9 Dex-4} (You found it on level
                  | 4 of the Dungeon)
  4185 | D:4      | Found Ontitab's Weapon Emporium.
  4560 | D:4      | Reached skill level 1 in Shields
  4913 | D:4      | Noticed Duvessa
  4913 | D:4      | Noticed Dowan
  4957 | D:4      | Killed Duvessa
  4958 | D:4      | Reached XP level 8. HP: 28/67 MP: 7/7
  4964 | D:4      | Killed Dowan
  5193 | D:5      | Entered Level 5 of the Dungeon
  5297 | D:5      | Reached skill level 6 in Long Blades
  5831 | D:5      | Reached skill level 5 in Fighting
  6187 | D:5      | Found a broken altar of Ashenzari.
  6271 | D:5      | Became a worshipper of Ashenzari the Shackled
  7084 | D:6      | Found a staircase to the Ecumenical Temple.
  7113 | D:6      | Got the war axe "Umuoq" {flame, +Fly rPois rC++ Str-2}
  7147 | D:6      | Found a bloodstained altar of Trog.
  7192 | Temple   | Entered the Ecumenical Temple
  7234 | D:6      | Identified the +11 war axe "Umuoq" {flame, +Fly rPois rC++
                  | Str-2} (You found it on level 6 of the Dungeon)
  7397 | D:6      | Found Pemitoed's Antique Armour Emporium.
  7402 | D:6      | Bought an ichor-stained ring mail for 189 gold pieces
  7434 | D:6      | Found Ytzuik's Antique Armour Emporium.
  7515 | D:6      | Found Riklo's Assorted Antiques.
  7520 | D:6      | Bought 2 scrolls labelled RUOGE MAPYRE for 64 gold pieces
  7520 | D:6      | Bought a scroll labelled HUYFYS RIGGIHE for 32 gold pieces
  7523 | D:6      | Acquired 877 gold pieces
  7525 | D:6      | Acquired a cursed +0 helmet of see invisible
  7539 | D:6      | Bought a scratched gilded ring for 160 gold pieces
  7539 | D:6      | Bought a scroll of identify for 64 gold pieces
  7539 | D:6      | Bought a scroll labelled ZANUKH COYKH for 32 gold pieces
  7616 | D:6      | Reached skill level 5 in Dodging
  7682 | D:6      | Found Tolaoz's Gadget Shop.
  8269 | D:7      | Reached XP level 9. HP: 69/74 MP: 8/8
  8293 | D:7      | Found a blossoming altar of Fedhas.
  8366 | D:7      | Reached skill level 7 in Long Blades
  8424 | D:7      | Reached * piety under Ashenzari
  8443 | D:7      | Found a flagged portal.
  8465 | Bailey   | Entered a bailey
  8971 | Bailey   | HP: 1/75 [gnoll sergeant/+0 glaive (12)]
  8988 | Bailey   | HP: 1/75 [gnoll/+0 spear (3)]
  8989 | Bailey   | Slain by a gnoll

Illustrated notes

Levels and vault maps discovered:
D:1:      onia_arrival_mini_spirals, layout_rooms
D:2:      layout_basic, chequers_ecumenical_altar_grove, grunt_ministairs_6,
          kennysheep_generic_room_13, uniq_sigmund, uniq_crazy_yiuf_cottage
D:3:      layout_basic, uniq_jessica
D:4:      layout_rooms, serial_shops, shop, uniq_duvessa, uniq_robin
D:5:      layout_cave_pools, ashenzari_conservatory_becter
D:6:      layout_loops_corners, kennysheep_mini,
          minmay_temple_entry_sparse_star, serial_shops, kennysheep_mini_moat,
          nicolae_shop_waterfront, kennysheep_little_box, shop,
          grunt_ministairs_5
D:7:      layout_basic, fedhas_altar_3, enter_bailey_5, serial_shops, shop,
          sigmund_army
Temple:   nicolae_temple_no_exploring_needed
Bailey:   bailey_polearm_gnolls_kennysheep, bailey

Skill      XL: |  1  2  3  4  5  6  7  8  9 |
---------------+----------------------------+-----
Long Blades    | 3 4 5 6 7 |  7.1
Dodging        | 3 4 5 |  5.2
Armour         | 1 2 3 4 |  4.2
Fighting       | 3 4 5 |  5.7
Shields        | 1 2 3 |  3.1
Throwing       | |  1.7

Action                   |  1- 3 |  4- 6 |  7- 9 || total
-------------------------+-------+-------+-------++-------
Melee: Long sword        |    45 |       |       ||    45
       Dagger            |    63 |   176 |   959 ||  1198
Throw: Throwing net      |     3 |     8 |     4 ||    15
  Use: Potion            |       |     4 |    11 ||    15
       Scroll            |       |     1 |    21 ||    22
 Stab: Held in net/web   |       |     3 |     1 ||     4
       Invisible         |       |       |     1 ||     1
Armor: Leather armour    |    39 |    28 |   159 ||   226
Dodge: Dodged            |    69 |    67 |   419 ||   555
Block: Buckler           |       |       |   100 ||   100
       Rpst.: Long sword |    10 |       |       ||    10
